 Dungeon Crawl Stone Soup version 0.26-a0-597-gb535b0901c (webtiles) character file.

Game seed: 4102357761570996378

147 saltlakrits the Covered (level 5, -12/33 HPs)
             Began as a Gargoyle Fighter on Dec 13, 2019.
             Mangled by an ogre
             ... wielding a +0 giant spiked club
              (16 damage)
             ... on level 4 of the Dungeon on Mar 13, 2023.
             The game lasted 00:13:48 (1809 turns).

saltlakrits the Covered (Gargoyle Fighter)          Turns: 1809, Time: 00:13:49

Health: -12/33     AC: 11    Str: 21    XL:     5   Next: 29%
Magic:  5/5        EV:  9    Int:  8    God:
Gold:   103        SH:  0    Dex:  9    Spells: 4/4 levels left

rFire    . . .     SeeInvis .   a - +1 flail
rCold    . . .     Faith    .   (no shield)
rNeg     + . .     Spirit   .   b - +0 scale mail
rPois    ∞         Reflect  .   (no helmet)
rElec    +         Harm     .   (no cloak)
rCorr    .                      (no gloves)
MR       .....                  (no boots)
Stlth    ..........             (no amulet)
HPRegen  0.11/turn              (no ring)
MPRegen  0.09/turn              (no ring)

@: no status effects
A: negative energy resistance 1, electricity resistance, unbreathing,
petrification resistance, rot immunity, AC +4
a: no special abilities


You were on level 4 of the Dungeon.
You visited 1 branch of the dungeon, and saw 4 of its levels.

You collected 103 gold pieces.

Inventory:

Hand Weapons
 a - a +1 flail (weapon)
 e - a +0 whip
Armour
 b - a +0 scale mail (worn)
 c - a +0 kite shield
 h - a +0 chain mail
 l - a +0 leather armour
 o - a +0 ring mail
Jewellery
 j - an uncursed amulet of magic regeneration {unknown}
 n - an uncursed ring of see invisible {unknown}
Scrolls
 m - a scroll of blinking {unknown}
 q - a scroll of fog {unknown}
 s - a scroll of remove curse {unknown}
Potions
 d - a potion of might
 i - a potion of heal wounds {unknown}
 p - a potion of degeneration {unknown}
 r - a potion of brilliance {unknown}
Comestibles
 f - a removed food


   Skills:
 + Level 4.2 Fighting
 + Level 3.1 Maces & Flails
 + Level 4.3 Armour
 + Level 4.2 Shields


You had 4 spell levels left.
You didn't know any spells.
Your spell library contained the following spells:

 Spells                   Type           Power        Failure   Level
 Magic Dart               Conj           #...         75%         1
 Blink                    Tloc           N/A          86%         2
 Call Imp                 Summ           #.......     86%         2
 Slow                     Hex            #.......     86%         2
 Conjure Flame            Conj/Fire      #.......     98%         3
 Mephitic Cloud           Conj/Pois/Air  #.......     98%         3


Dungeon Overview and Level Annotations

Branches:
Dungeon (4/15)
 Temple: D:4-7

Altars:
Gozag
Nemelex Xobeh


Innate Abilities, Weirdness & Mutations

You are resistant to torment.
Your stone body is resilient. (AC +4)
You are immune to poison.
You resist negative energy. (rN+)
You are resistant to electric shocks. (rElec)
You can survive without breathing.
You are immune to petrification.
You are immune to rotting.


Message History

The ogre is heavily wounded.
The ogre misses you.
You see here 2 murky blue potions.
It was a potion of curing.
You feel better.
The ogre hits you with a +0 giant spiked club!
* * * LOW HITPOINT WARNING * * *
You don't know any spells.
As you read the scroll labeled PAMEEL ECA YNA, it crumbles to dust.
It is a scroll of enchant weapon.
Your +0 flail glows red for a moment.
You hit the ogre but do no damage.
The ogre is heavily wounded.
The ogre barely misses you.
You sock the ogre!
The ogre is almost dead.
The ogre barely misses you.
You hit the ogre.
The ogre is almost dead.
The ogre hits you with a +0 giant spiked club!
You die...

#.........##.....##
#......!..#.8...8.#
#.........#.......###
#............._.....#
#.........#.......#.#
...........#.8...8.#.#
...)##########.....##.#
######### ....
###O###..# #.....#<#
... #..@.....#
#.###.#.# #........#
#.#...#.# #........#
#.#.###.#
#........###.#.#...#
+........'.....>.###
#........###.#...#
#........# #.##.##
#........# #..[.#
#........# #.####


You could see an ogre.

Vanquished Creatures
  Jessica (D:2)
  A worker ant (D:3)
  5 adders
  2 worms
  3 leopard geckos
  An orc (D:3)
  A giant cockroach (D:1)
  A goblin (D:2)
  5 hobgoblins
  7 kobolds
  A quokka (D:2)
  9 bats
  3 frilled lizards
  7 rats
47 creatures vanquished.

Notes
Turn   | Place    | Note
-------+----------+-------------------------------------------
     0 | D:1      | saltlakrits the Gargoyle Fighter began the quest for the
                  | Orb.
     0 | D:1      | Reached XP level 1. HP: 14/14 MP: 1/1
    50 | D:1      | Upgraded the game from 0.25-a0-290-g4a1327ee3a to
                  | 0.26-a0-597-gb535b0901c
    98 | D:1      | You fall into a shaft and drop 1 floor!
   106 | D:2      | Reached XP level 2. HP: 18/19 MP: 2/2
   108 | D:2      | Noticed Jessica
   147 | D:2      | Killed Jessica
   147 | D:2      | Reached XP level 3. HP: 2/24 MP: 3/3
   153 | D:2      | HP: 1/24 [bat (1)]
   555 | D:2      | Reached XP level 4. HP: 11/29 MP: 4/4
  1207 | D:3      | Reached XP level 5. HP: 33/33 MP: 5/5
  1274 | D:3      | Found a sparkling altar of Nemelex Xobeh.
  1777 | D:4      | Found an opulent altar of Gozag.
  1786 | D:4      | Noticed an ogre
  1809 | D:4      | Mangled by an ogre

Illustrated notes

Levels and vault maps discovered:
D:1:      dpeg_arrival_leaves_temple_mockup, layout_basic, serial_bayou,
          serial_bayou_pond_d, serial_bayou_shore_a, serial_bayou_crossing,
          serial_bayou_pond_b
D:2:      layout_rooms, minmay_misc_feat_diagonals, uniq_jessica
D:3:      layout_rooms, nemelex_diamond_rough_becter
D:4:      wad_river_or_something, layout_basic, kennysheep_mini,
          overflow_temple_1_default, grunt_gozag_statues, uniq_purgy

Skill      XL: |  1  2  3  4 |
---------------+-------------+-----
Armour         | 4 |  4.3
Shields        | 4 |  4.2
Fighting       | 4 |  4.2
Maces & Flails | 3 |  3.1

Action                   |  1- 3 |  4- 6 || total
-------------------------+-------+-------++-------
Melee: Flail             |    78 |   109 ||   187
  Use: Scroll            |       |     1 ||     1
       Potion            |       |     1 ||     1
Armor: Scale mail        |    73 |    85 ||   158
Dodge: Dodged            |    58 |    61 ||   119

Table legend: (Time is in decaauts)
 A = Elapsed time spent in this place.
 B = Non-inter-level travel time spent in this place.
 C = Inter-level travel time spent in this place.
 D = Time resting spent in this place.
 E = Time spent auto-exploring this place.
 F = Levels seen in this place.
 G = Mean time per level.
                   A        B        C        D        E       F      G
               +--------+--------+--------+--------+--------+-----+--------+
         Total |   1869 |   1826 |     43 |    509 |    809 |   4 |  467.2 |
       Dungeon |   1869 |   1826 |     43 |    509 |    809 |   4 |  467.2 |
               +--------+--------+--------+--------+--------+-----+--------+

Top non-repeatable levels by time:
     D:2: 1101 daAuts
     D:3: 601 daAuts
     D:4: 65 daAuts
     D:1: 48 daAuts
Note: time per level data comes from an upgraded game and may be incomplete.
